 Dungeon Sprint DCSS version 0.27-a0-637-g3a9f0a9c12 (webtiles) character file.

Game seed: 3423043846729410792

18509 mhtbhm the Severer (level 12, 0/190 HPs)
             Began as a Minotaur Fighter on Mar 14, 2021.
             Was a High Priest of Trog.
             Engulfed by Lom Lobon's freezing vapour (2 damage)
             ... in the Dungeon (Sprint VII: "The Pits").
             The game lasted 00:06:28 (3387 turns).

mhtbhm the Severer (Minotaur Fighter)               Turns: 3387, Time: 00:06:29

Health: 0/190      AC: 14    Str: 24    XL:     12   Next: 28%
Magic:  0/11       EV: 17    Int:  8    God:    Trog [*****.]
Gold:   52         SH: 15    Dex: 12    Spells: 11/11 levels left

rFire    + . .     SeeInvis .   a - +2 war axe (vorpal)
rCold    + + .     Faith    .   c - +0 kite shield
rNeg     . . .     Spirit   .   b - +2 scale mail {rC+}
rPois    +         Reflect  .   r - +1 hat {Int+3}
rElec    +         Harm     .   q - +0 cloak
rCorr    +         Rampage  .   (no gloves)
Will     ++...     NoTele   +   (no boots)
Stlth    ..........             (no amulet)
HPRegen  1.41/turn              v - ring of poison resistance
MPRegen  0.12/turn              m - +3 ring of evasion

@: mighty, berserking (expiring), resistant, regenerating, hasted, very quick
A: horns 2, retaliatory headbutt
a: Renounce Religion, Berserk, Trog's Hand, Brothers in Arms


You were in the Dungeon.
You worshipped Trog.
Trog was extremely pleased with you.
You visited 1 branch You collected 52 gold pieces.

Inventory:

Hand Weapons
 a - a +2 vorpal war axe (weapon)
Armour
 b - a +2 scale mail of cold resistance (worn)
 c - a +0 kite shield (worn)
 q - a +0 cloak (worn)
 r - a +1 hat of intelligence (worn)
Jewellery
 m - a +3 ring of evasion (left hand)
 v - a ring of poison resistance (right hand)
 w - a ring of willpower
Scrolls
 j - a scroll of blinking
 l - a scroll of summoning
 s - 8 scrolls of enchant weapon
 t - 2 scrolls of identify
 u - 4 scrolls of fear
Potions
 d - 4 potions of might
 e - 5 potions of curing
 f - 9 potions of heal wounds
 g - 2 potions of haste
 h - 4 potions of magic
 i - 4 potions of berserk rage
 k - 2 potions of invisibility
 o - a potion of resistance
 p - 2 potions of mutation
Miscellaneous
 n - a phial of floods


   Skills:
 + Level 17.9 Fighting
 + Level 20.3 Axes
 + Level 13.8 Armour
 + Level 10.9 Dodging
 + Level 3.6 Stealth
 + Level 16.4 Shields


You had 11 spell levels left.
You didn't know any spells.
Your spell library was empty.

Dungeon Overview and Level Annotations

Branches:
Dungeon (1/1)

Altars:
Ashenzari
Cheibriados
Dithmenos
Elyvilon
Fedhas
Gozag
Hepliaklqana
Kikubaaqudgha
Makhleb
Nemelex Xobeh
Okawaru
Qazlal
Ru
Sif Muna
Trog
Uskayaw
Vehumet
Wu Jian
Xom
Yredelemnul
Zin
The Shining One
Beogh
Jiyva
Lugonu

Annotations:
D Lom Lobon


Innate Abilities, Weirdness & Mutations

You have a pair of horns on your head.
You reflexively headbutt those who attack you in melee.


Message History

You slice Lom Lobon!! Your headbutt misses Lom Lobon.
Lom Lobon is heavily wounded.
You are engulfed in freezing vapours.
You resist.
You completely miss Lom Lobon. Your headbutt misses Lom Lobon.
Lom Lobon is heavily wounded.
You are engulfed in freezing vapours.
You resist. Lom Lobon gestures at you.
Lom Lobon conjures a mighty blast of ice!
The great icy blast engulfs you!!! You partially resist.
* * * LOW HITPOINT WARNING * * *
You hear a shout!
Unknown command.
You closely miss Lom Lobon. You headbutt Lom Lobon!
Lom Lobon is heavily wounded.
You are engulfed in freezing vapours.
You resist.
You slice Lom Lobon!! You headbutt Lom Lobon!
Lom Lobon is severely wounded.
You are engulfed in freezing vapours.
You resist.
* * * LOW HITPOINT WARNING * * *
You barely miss Lom Lobon.
Lom Lobon is severely wounded.
You are engulfed in freezing vapours.
You resist.
Lom Lobon screams, "Give up, thou pecksniffian fly-bitten mooer!"
You block Lom Lobon's attack.
Unknown command.
You miss Lom Lobon.
Lom Lobon is severely wounded.
You are engulfed in freezing vapours.
You resist.
* * * LOW HITPOINT WARNING * * *
You miss Lom Lobon.
Lom Lobon is severely wounded.
You are engulfed in freezing vapours.
You resist.
* * * LOW HITPOINT WARNING * * *
The ice encasing you melts away. Lom Lobon hits you!!
* * * LOW HITPOINT WARNING * * *
You miss Lom Lobon.
Lom Lobon is severely wounded.
You are engulfed in freezing vapours.
You resist.
You die...

#+# #&# #'#
#######################'#
...........°☼§§○@§......#
...........°○§°°§&......#
######++##############..#
#.§# #..# #..# #..# #..#
#..#


You could see Lom Lobon (gusty).

Vanquished Creatures
  Gastronok (D)
  A deep elf sorcerer (D)
  An eidolon (D)
  A hydra (D)
  A deep troll shaman (D)
  An iron troll (D)
  A spriggan druid (D)
  An unseen horror (D)
  3 deep trolls (D)
  2 wolf spiders (D)
  2 lindwurms (D)
  An orc knight (D)
  A deep elf pyromancer (D)
  A manticore (D)
  6 elephants (D)
  2 black mambas (D)
  A yaktaur (D)
  A rime drake (D)
  An efreet (D)
  A demonic crawler (D)
  A freezing wraith (D)
  A guardian mummy (D)
  An ice devil (D)
  A kobold demonologist (D)
  A troll (D)
  A hornet (D)
  A shadow (D)
  3 redbacks (D)
  A ynoxinul (D)
  A water elemental (D)
  A basilisk (D)
  Grum (D)
  Menkaure (D)
  A steam dragon (D)
  An acid dragon (D)
  A floating eye (D)
  A sky beast (D)
  2 orc warriors (D)
  A swamp drake (D)
  2 phantoms (D)
  5 wolves (D)
  2 centaurs (D)
  A small abomination (D)
  A scorpion (D)
  A crimson imp (D)
  2 iguanas (D)
  2 worker ants (D)
  A hell rat (D)
  A gnoll (D)
  An ufetubus (D)
  2 oozes (D)
  An adder simulacrum (D)
  2 leopard geckos (D)
  4 orcs (D)
  3 ball pythons (D)
  A bat skeleton (D)
  A giant cockroach (D)
  8 jackals (D)
  2 quokkas (D)
  A frilled lizard (D)
  A kobold (D)
  A leopard gecko zombie (D)
  3 ball lightnings (D)
101 creatures vanquished.

Vanquished Creatures (collateral kills)
  A red devil (D)
1 creature vanquished.

Vanquished Creatures (others)
  9 ball lightnings (D)
  A block of ice (D)
10 creatures vanquished.

Grand Total: 112 creatures vanquished

Notes
Turn   | Place    | Note
-------+----------+-------------------------------------------
     0 | D        | mhtbhm the Minotaur Fighter began the quest for the Orb.
     0 | D        | Reached XP level 1. HP: 19/19 MP: 0/0
    33 | D        | Found a bloodstained altar of Trog.
    33 | D        | Found a shimmering blue altar of Sif Muna.
    33 | D        | Found a viscous altar of Jiyva.
    33 | D        | Found a hazy altar of Hepliaklqana.
    33 | D        | Found an opulent altar of Gozag.
    34 | D        | Found a glowing golden altar of the Shining One.
    34 | D        | Found a glowing silver altar of Zin.
    34 | D        | Found a basalt altar of Yredelemnul.
    34 | D        | Found a shimmering altar of Xom.
    34 | D        | Found an ornate altar of the Wu Jian Council.
    34 | D        | Found a sacrificial altar of Ru.
    34 | D        | Found a stormy altar of Qazlal.
    34 | D        | Found an iron altar of Okawaru.
    34 | D        | Found a sparkling altar of Nemelex Xobeh.
    34 | D        | Found a burning altar of Makhleb.
    34 | D        | Found a blossoming altar of Fedhas.
    34 | D        | Found a white marble altar of Elyvilon.
    34 | D        | Found a shadowy altar of Dithmenos.
    34 | D        | Found a snail-covered altar of Cheibriados.
    36 | D        | Found a radiant altar of Vehumet.
    36 | D        | Found a corrupted altar of Lugonu.
    38 | D        | Became a worshipper of Trog the Wrathful
   224 | D        | Reached skill level 3 in Axes
   224 | D        | Reached XP level 2. HP: 21/28 MP: 1/1
   228 | D        | Reached skill level 5 in Shields
   421 | D        | Reached * piety under Trog
   428 | D        | Noticed a floating eye
   432 | D        | Reached skill level 5 in Fighting
   432 | D        | Reached ** piety under Trog
   434 | D        | Killed a floating eye
   435 | D        | Reached skill level 6 in Axes
   435 | D        | Reached skill level 1 in Dodging
   435 | D        | Reached XP level 3. HP: 38/38 MP: 2/2
   435 | D        | Reached XP level 4. HP: 45/45 MP: 3/3
   435 | D        | Reached *** piety under Trog
   521 | D        | Noticed a phantom
   522 | D        | Noticed Menkaure
   522 | D        | Noticed a wolf
   529 | D        | Killed a wolf
   530 | D        | Reached skill level 7 in Axes
   530 | D        | Reached skill level 1 in Stealth
   530 | D        | Reached XP level 5. HP: 36/52 MP: 4/4
   531 | D        | Reached **** piety under Trog
   532 | D        | Reached skill level 8 in Axes
   532 | D        | Killed a phantom
   533 | D        | Reached skill level 9 in Axes
   533 | D        | Reached XP level 6. HP: 19/62 MP: 5/5
   534 | D        | Killed Menkaure
   732 | D        | Reached ***** piety under Trog
   821 | D        | Noticed an eidolon
   835 | D        | Killed an eidolon
   836 | D        | Reached skill level 10 in Fighting
   836 | D        | Reached skill level 12 in Axes
   836 | D        | Reached skill level 10 in Armour
   836 | D        | Reached XP level 7. HP: 43/73 MP: 6/6
   836 | D        | Reached XP level 8. HP: 48/80 MP: 7/7
  1036 | D        | Reached skill level 13 in Axes
  1040 | D        | Received a gift from Trog
  1059 | D        | Killed an unseen horror
  1060 | D        | Reached skill level 14 in Axes
  1060 | D        | Reached skill level 10 in Shields
  1161 | D        | Found a hide-covered altar of Uskayaw.
  1161 | D        | Found an ancient bone altar of Kikubaaqudgha.
  1161 | D        | Found a broken altar of Ashenzari.
  1188 | D        | Noticed a troll
  1193 | D        | Killed a troll
  1194 | D        | Reached XP level 9. HP: 89/89 MP: 8/8
  1258 | D        | Noticed a black mamba
  1272 | D        | Killed a black mamba
  1273 | D        | Reached skill level 15 in Axes
  1458 | D        | Noticed a rime drake
  1458 | D        | Noticed Grum
  1458 | D        | Noticed Gastronok
  1458 | D        | Noticed a demonic crawler
  1469 | D        | Reached ****** piety under Trog
  1474 | D        | Killed a rime drake
  1475 | D        | Killed Grum
  1476 | D        | Reached skill level 16 in Axes
  1476 | D        | Reached skill level 5 in Dodging
  1477 | D        | Killed a demonic crawler
  1481 | D        | Killed Gastronok
  1481 | D        | Received a gift from Trog
  1482 | D        | Reached skill level 17 in Axes
  1482 | D        | Reached XP level 10. HP: 101/101 MP: 9/9
  1551 | D        | Noticed an orc knight
  1586 | D        | Killed an orc knight
  1780 | D        | Noticed a lindwurm
  1790 | D        | Killed a lindwurm
  1793 | D        | Noticed a wolf spider
  1807 | D        | Killed a wolf spider
  1808 | D        | Reached skill level 18 in Axes
  2047 | D        | Received a gift from Trog
  2068 | D        | Reached XP level 11. HP: 87/111 MP: 10/10
  2314 | D        | Received a gift from Trog
  2399 | D        | Noticed a lindwurm
  2400 | D        | Noticed a spriggan druid
  2409 | D        | Received a gift from Trog
  2411 | D        | Killed a spriggan druid
  2412 | D        | Reached skill level 15 in Fighting
  2413 | D        | Killed a lindwurm
  2679 | D        | Noticed a deep elf pyromancer
  2679 | D        | Noticed a deep elf sorcerer
  2679 | D        | Noticed a deep troll shaman
  2679 | D        | Noticed a deep troll
  2679 | D        | Noticed an iron troll
  2679 | D        | Noticed a deep troll
  2679 | D        | Noticed a deep troll
  2684 | D        | Killed a deep elf sorcerer
  2685 | D        | Reached skill level 19 in Axes
  2687 | D        | Killed a deep elf pyromancer
  2687 | D        | Received a gift from Trog
  2687 | D        | Killed a deep troll shaman
  2690 | D        | Killed a deep troll
  2691 | D        | Reached skill level 15 in Shields
  2693 | D        | Killed a deep troll
  2695 | D        | Killed a deep troll
  2700 | D        | Killed an iron troll
  2701 | D        | Reached skill level 10 in Dodging
  2759 | D        | Received a gift from Trog
  2797 | D        | Noticed a six-headed hydra
  2809 | D        | Killed an eight-headed hydra
  2810 | D        | Reached XP level 12. HP: 125/125 MP: 11/11
  3060 | D        | Reached skill level 20 in Axes
  3067 | D        | Received a gift from Trog
  3349 | D        | Noticed Lom Lobon
  3386 | D        | HP: 2/190 [Lom Lobon (20)]
  3387 | D        | Engulfed by Lom Lobon's freezing vapour

Illustrated notes

Levels and vault maps discovered:
D:        pitsprint [storerooms_1, entrance_room_1, metal_vault_3, armoury_2,
          mini_pit_1, grid_room_1, main_hall_1, silver_pit, the_coven_1,
          the_vestibule_1, steel_vault_4, golden_pit, hallway_of_sentries,
          crystal_vault_6, iron_vault_2, final_vault]

Skill      XL: |  1  2  3  4  5  6  7  8  9 10 11 12 |
---------------+-------------------------------------+-----
Fighting       | 4 6 7 8 10 11 13 14 17 | 17.9
Armour         | 4 6 7 8 10 11 12 13 | 13.8
Shields        | 4 6 7 8 9 10 12 13 15 16 | 16.4
Axes           | 3 6 7 9 12 14 17 18 19 20 | 20.3
Dodging        | 1 2 3 4 5 7 10 | 10.9
Stealth        | 1 2 3 |  3.6

Action                   |  1- 3 |  4- 6 |  7- 9 | 10-12 || total
-------------------------+-------+-------+-------+-------++-------
Melee: War axe           |    16 |       |    39 |   176 ||   231
       Headbutt          |     6 |     3 |    12 |    49 ||    70
       Hand axe          |    14 |    26 |    17 |       ||    57
Invok: Berserk           |     1 |     2 |     3 |     7 ||    13
       Brothers in Arms  |       |       |       |     4 ||     4
       Trog's Hand       |       |       |       |     1 ||     1
  Use: Potion            |       |       |       |     8 ||     8
       Scroll            |       |       |       |     1 ||     1
Armor: Scale mail        |    20 |       |       |    20 ||    40
       Plate armour      |       |     9 |     7 |       ||    16
       Ring mail         |       |       |    10 |    12 ||    22
Dodge: Dodged            |    10 |     4 |    27 |    71 ||   112
Block: Kite shield       |    21 |    11 |    36 |    99 ||   167

Table legend: (Time is in decaauts)
 A = Elapsed time spent in this place.
 B = Non-inter-level travel time spent in this place.
 C = Inter-level travel time spent in this place.
 D = Time resting spent in this place.
 E = Time spent auto-exploring this place.
 F = Levels seen in this place.
 G = Mean time per level.
                   A        B        C        D        E       F      G
               +--------+--------+--------+--------+--------+-----+--------+
         Total |   3453 |   3453 |      0 |   2325 |     77 |   1 | 3453.0 |
       Dungeon |   3453 |   3453 |      0 |   2325 |     77 |   1 | 3453.0 |
               +--------+--------+--------+--------+--------+-----+--------+

Top non-repeatable levels by time:
       D: 3453 daAuts
